 Dungeon Crawl Stone Soup version 0.17.1-3-g152610e (webtiles) character file.

53 Gargoyl the Skirmisher (level 3, 0/29 HPs)
             Began as a Demonspawn Abyssal Knight on Mar 30, 2016.
             Was a Believer of Lugonu.
             Slain by Sigmund
             ... wielding a +0 scythe
              (6 damage)
             ... on level 2 of the Dungeon.
             The game lasted 00:03:05 (1357 turns).

Gargoyl the Skirmisher (Demonspawn Abyssal Knight)  Turns: 1357, Time: 00:03:05

Health: 0/29       AC:  9    Str: 13    XL:     3   Next: 64%
Magic:  5/5        EV: 10    Int: 13    God:    Lugonu [**....]
Gold:   117        SH:  0    Dex: 12    Spells: 0 memorised, 2 levels left

rFire  . . .     SeeInvis .     a - +1 hand axe
rCold  . . .     Clarity  .     k - +0 ring mail
rNeg   . . .     SustAt   .     (no shield)
rPois  .         Gourm    .     (no helmet)
rElec  .         Spirit   .     i - +0 cloak
rCorr  .         Warding  .     j - +0 pair of gloves
rMut   .         Stasis   .     (no boots)
MR     .....                    g - amulet of rage
Stlth  +.........               (no ring)
                                (no ring)

@: not resistant to hostile enchantments, very unstealthy
A: talons 1, thin metallic scales 1
a: Depart the Abyss, Bend Space, Renounce Religion, Evoke Berserk Rage


You were on level 2 of the Dungeon.
You worshipped Lugonu.
Lugonu was pleased with you.
You were hungry.

You visited 1 branch of the dungeon, and saw 2 of its levels.
You visited the Abyss 1 time.

You collected 117 gold pieces.

Inventory:

Hand Weapons
 a - a +1 hand axe (weapon)
Armour
 i - a +0 cloak (worn)
 j - a +0 pair of gloves (worn)
 k - a +0 ring mail (worn)
Jewellery
 g - an amulet of rage (around neck)
Scrolls
 b - a scroll of immolation {unknown}
 e - a scroll of amnesia
 m - a scroll of fear
Potions
 h - a potion of haste {unknown}
 l - a potion of ambrosia {unknown}
 n - a potion of brilliance {unknown}
Comestibles
 c - a bread ration
 d - 2 meat rations


   Skills:
 + Level 3.4 Fighting
 + Level 2.0 Axes
 * Level 2.3 Armour
 + Level 1.5 Dodging
 + Level 3.2 Invocations


You had 2 spell levels left.
You didn't know any spells.

Dungeon Overview and Level Annotations

Branches:
Dungeon (2/15)

Altars:
Makhleb

Annotations:
D:2 Sigmund


Innate Abilities, Weirdness & Mutations

You have sharp toenails.
You are partially covered in thin metallic scales (AC +2).


Message History

Drink which item? (? for menu, Esc to quit)
It was a potion of heal wounds.
You feel much better. The giant gecko bites you.
Something hits you but does no damage.
You barely miss the giant gecko.
The giant gecko is heavily wounded.
The giant gecko closely misses you.
The giant gecko bites you but does no damage.
You hit the giant gecko.
The giant gecko is severely wounded.
Something hits you! The giant gecko bites you.
You closely miss the giant gecko. Your kick misses the giant gecko.
The giant gecko is severely wounded.
The giant gecko barely misses you. Something hits you!
* * * LOW HITPOINT WARNING * * *
You closely miss the giant gecko.
The giant gecko is severely wounded.
The giant gecko bites you.
* * * LOW HITPOINT WARNING * * *
Something hits you.
You die...

....... #.....#.#
...#######.....#.#
...............#.#
##.#######.....#.#
##.#######.....#.# #
...##.##.......#.##.#####
.......+..........>....<#
##..†.##.......#.#..#####
#####.##.......#@#.## ..
#†##†...####l#.#
#.###.##.[..# #{#..
#.##........# ....#
._......##### ..###
#.#.....# ...# ........#
#... ......### ####
......#


You could see a giant gecko.

Vanquished Creatures
  An adder (D:2)
  A worm (D:2)
  A giant gecko (D:1)
  3 bats
  2 giant cockroaches (D:1)
  5 goblins
  8 hobgoblins
  4 jackals (D:2)
  3 kobolds (D:1)
  A ball python (D:2)
  3 giant newts
  5 rats
37 creatures vanquished.

Vanquished Creatures (others)
  3 starspawn tentacles (Abyss:2)
  218 starspawn tentacle segments (Abyss:2)
221 creatures vanquished.

Grand Total: 258 creatures vanquished

Notes
Turn   | Place    | Note
--------------------------------------------------------------
     0 | Abyss:1  | Gargoyl the Demonspawn Abyssal Knight began the quest for the Orb.
     0 | Abyss:1  | Reached XP level 1. HP: 18/18 MP: 2/2
    94 | Abyss:1  | Noticed a lich
   112 | Abyss:1  | Noticed a quasit
   140 | Abyss:2  | Noticed a daeva
   201 | Abyss:2  | Noticed a tentacled starspawn
   214 | Abyss:2  | Noticed a smoke demon
   218 | D:1      | Escaped the Abyss
   493 | D:1      | Reached * piety under Lugonu
   575 | D:1      | Gained mutation: You are partially covered in thin metallic scales (AC +2). [demonic ancestry]
   575 | D:1      | Reached XP level 2. HP: 24/24 MP: 4/4
   641 | D:1      | Reached skill level 1 in Dodging
   887 | D:1      | Gained mutation: You have sharp toenails. [demonic ancestry]
   887 | D:1      | Reached XP level 3. HP: 22/29 MP: 5/5
   892 | D:1      | Reached ** piety under Lugonu
  1169 | D:2      | Found a burning altar of Makhleb.
  1346 | D:2      | Noticed Sigmund
  1357 | D:2      | Slain by Sigmund

Action                   || total
-------------------------++-------
Melee: Hand axe          ||   123
Invok: Depart the Abyss  ||     1
 Abil: Evoke Berserk Rag ||     1
  Use: Scroll            ||     5
       Potion            ||     1
  Eat: Chunk             ||     2
